 Dungeon Crawl Stone Soup version 0.21.1-1-g345015f (webtiles) character file.

8632 Fang the Cleaver (level 11, 0/103 HPs)
             Began as a Gargoyle Berserker on June 29, 2018.
             Was a High Priest of Trog.
             Slain by Gastronok (32 damage)
             ... on level 9 of the Dungeon on July 23, 2018.
             The game lasted 00:16:39 (11252 turns).

Fang the Cleaver (Gargoyle Berserker)              Turns: 11252, Time: 00:16:39

Health: 0/103      AC: 15    Str: 29    XL:     11   Next: 33%
Magic:  11/11      EV: 15    Int:  8    God:    Trog [*****.]
Gold:   656        SH:  4    Dex:  9    Spells: 10/10 levels left

rFire    + + .     SeeInvis .   m - +4 battleaxe
rCold    . . .     Gourm    .   (shield currently unavailable)
rNeg     + . .     Faith    .   x - +2 robe {rF+}
rPois    ∞         Spirit   .   (no helmet)
rElec    +         Reflect  +   (no cloak)
rCorr    .         Harm     .   y - +2 pair of gloves
MR       .....                  (no boots)
Stlth    ..........             g - +4 amulet of reflection
HPRegen  0.27/turn              w - ring of protection from cold
MPRegen  0.12/turn              t - ring of fire

@: berserking, slowed, very slow
A: negative energy resistance 1, electricity resistance, unbreathing,
petrification resistance, rot immunity, AC +8
a: Berserk, Trog's Hand, Brothers in Arms, Burn Spellbooks, Renounce Religion


You were on level 9 of the Dungeon.
You worshipped Trog.
Trog was extremely pleased with you.
You were very hungry.

You visited 2 branches of the dungeon, and saw 10 of its levels.
You also visited: Ossuary.

You collected 656 gold pieces.

Inventory:

Hand Weapons
 a - a +2 hand axe
 m - a +4 battleaxe (weapon)
Missiles
 v - 3 javelins of returning (quivered)
Armour
 x - a +2 robe of fire resistance (worn)
 y - a +2 pair of gloves (worn)
Jewellery
 g - a +4 amulet of reflection (around neck)
 t - a ring of fire (right hand)
 w - a ring of protection from cold (left hand)
Wands
 l - a wand of polymorph (5)
 r - a wand of flame (14)
 A - a wand of iceblast (6)
Scrolls
 e - 2 scrolls of teleportation
 n - 2 scrolls of remove curse
 o - 2 scrolls of fear
 s - 3 scrolls of magic mapping
 z - a scroll of blinking
 B - a scroll of fog
 C - a scroll of enchant weapon
Potions
 b - 2 potions of magic
 d - 6 potions of heal wounds
 f - 2 potions of haste
 h - 3 potions of flight
 i - 3 potions of ambrosia
 j - a potion of cancellation
 k - 3 potions of lignification
 p - a potion of might
 q - a potion of resistance
 u - 7 potions of curing
Comestibles
 c - 12 rations


   Skills:
 + Level 8.7 Fighting
 + Level 11.4 Axes
 + Level 2.5 Armour
 + Level 7.5 Dodging
 + Level 4.9 Stealth
 + Level 0.1 Unarmed Combat


You had 10 spell levels left.
You didn't know any spells.

Dungeon Overview and Level Annotations

Branches:
Dungeon (9/15)             Temple (1/1) D:6            Lair (0/6) D:9
    Orc: D:9-12

Altars:
Ashenzari
Cheibriados
Dithmenos
Elyvilon
Fedhas
Gozag
Hepliaklqana
Kikubaaqudgha
Makhleb
Nemelex Xobeh
Okawaru
Qazlal
Ru
Sif Muna
Trog
Uskayaw
Vehumet
Wu Jian
Xom
Yredelemnul
Zin
The Shining One
Lugonu

Shops:
D:5 :

Annotations:
D:9 Gastronok


Innate Abilities, Weirdness & Mutations

You are resistant to torment.
Your stone body is resilient. (AC +8)
You are immune to poison.
You resist negative energy. (rN+)
You are resistant to electric shocks. (rElec)
You can survive without breathing.
You are immune to petrification.
You are immune to rotting.


Message History

You are too injured to fight recklessly!
You are too injured to fight recklessly!
You are too injured to fight recklessly!
You are too injured to fight recklessly!
You are too injured to fight recklessly!
You are too injured to fight recklessly!
You are too injured to fight recklessly!
You are too injured to fight recklessly!
You are too injured to fight recklessly!
You are too injured to fight recklessly!
You are too injured to fight recklessly!
You are too injured to fight recklessly!
A red film seems to cover your vision as you go berserk!
You feel yourself moving faster!
You feel mighty!
You are feeling very hungry.
Your unstable footing causes you to fumble your attack.
Gastronok bites you!
Your unstable footing causes you to fumble your attack.
Gastronok bites you!!
You die...

...# ####...# ≈##
.......# # ≈≈##
.....####≈≈. _# .≈≈#
.....# ##≈≈. . .≈≈##
.)...###≈≈≈.# .#.≈≈≈#
)).....##≈≈.# ##.≈≈#
#...#.#.#≈≈≈≈#+#w≈≈≈#
........##≈≈≈8.8@≈≈#
........###≈≈.).≈≈##
..........###8.8###
......#.#.###...#
............#8.8#
[...##...##....##
....#8...8######
....##...##
###.##...#


You could see Gastronok.

Vanquished Creatures
  2 two-headed ogres
  Pikel (D:8)
  The ghost of meatyocre the Cleaver, a novice HOMo of Beogh (D:5)
  Joseph (D:9)
  The ghost of manchovi the Spear-Bearer, a novice MiFi of Hepliaklqana (D:3)
  A troll (D:9)
  Prince Ribbit (D:9)
  Grinder (D:4)
  A hippogriff (D:8)
  3 yaks (D:9)
  Grum (D:8)
  Eustachio (D:5)
  A steam dragon (D:9)
  2 wargs (D:9)
  A sky beast (D:8)
  2 orc warriors (D:9)
  4 slaves (D:8)
  3 black bears
  2 phantoms
  3 wolves (D:8)
  3 centaurs
  4 ogres
  A big kobold (D:8)
  5 bullfrogs
  Blork the orc (D:4)
  A scorpion (D:6)
  7 killer bees (D:7)
  7 wights
  6 crimson imps
  A howler monkey (D:6)
  A bullfrog zombie (D:7)
  2 jellies
  2 hounds (D:9)
  3 orc wizards
  3 centaur skeletons
  2 bullfrog skeletons
  3 orc priests
  A gnoll shaman (D:9)
  Natasha (twice) (D:4)
  6 iguanas
  3 worker ants
  A killer bee zombie (D:8)
  A big kobold zombie (Ossuary)
  A hound zombie (D:8)
  3 mummies (Ossuary)
  A howler monkey zombie (D:8)
  5 gnolls (D:9)
  10 adders
  An ooze (D:3)
  An adder zombie (Ossuary)
  2 adder skeletons
  4 worms
  3 dart slugs
  4 leopard geckos
  22 orcs
  5 bats
  6 giant cockroaches
  A gnoll zombie (Ossuary)
  A goblin (D:1)
  7 hobgoblins
  6 jackals
  7 quokkas
  2 frilled lizards
  2 goblin zombies (Ossuary)
  2 hobgoblin zombies (Ossuary)
  12 kobolds
  3 kobold zombies (Ossuary)
  A leopard gecko skeleton (D:8)
  A leopard gecko zombie (D:8)
  A quokka skeleton (D:7)
  4 quokka zombies (Ossuary)
  15 rats
  4 rat zombies (Ossuary)
236 creatures vanquished.

Vanquished Creatures (others)
  An orc wizard (D:6)
1 creature vanquished.

Grand Total: 237 creatures vanquished

Notes
Turn   | Place    | Note
-------+----------+-------------------------------------------
     0 | D:1      | Fang the Gargoyle Berserker began the quest for the Orb.
     0 | D:1      | Reached XP level 1. HP: 14/14 MP: 1/1
    90 | D:1      | Reached XP level 2. HP: 13/19 MP: 2/2
   342 | D:1      | Reached skill level 3 in Axes
   902 | D:2      | Reached XP level 3. HP: 20/24 MP: 3/3
   933 | D:2      | Found a blossoming altar of Fedhas.
  1273 | D:2      | Reached ** piety under Trog
  1301 | D:2      | Found a sparkling altar of Nemelex Xobeh.
  1302 | D:2      | Found an opulent altar of Gozag.
  1365 | D:2      | Reached XP level 4. HP: 14/29 MP: 4/4
  1618 | D:2      | Found a faded altar of an unknown god.
  1884 | D:3      | Found an ancient bone altar of Kikubaaqudgha.
  1923 | D:3      | Found a burning altar of Makhleb.
  1925 | D:3      | Found a glowing silver altar of Zin.
  1925 | D:3      | Noticed a blizzard demon
  1925 | D:3      | Noticed an angel
  2018 | D:3      | Noticed manchovi's ghost (novice MiFi)
  2026 | D:3      | Killed manchovi's ghost
  2026 | D:3      | Reached skill level 5 in Axes
  2026 | D:3      | Reached skill level 1 in Stealth
  2026 | D:3      | Reached XP level 5. HP: 31/34 MP: 5/5
  2026 | D:3      | Reached XP level 6. HP: 35/39 MP: 6/6
  2566 | D:3      | Found a basalt altar of Yredelemnul.
  2623 | D:4      | Found an opulent altar of Gozag.
  2778 | D:4      | Reached XP level 7. HP: 44/44 MP: 7/7
  2871 | D:4      | Noticed Grinder
  2876 | D:4      | Paralysed by Grinder for 5 turns
  2890 | D:4      | Paralysed by Grinder for 2 turns
  2899 | D:4      | Killed Grinder
  3162 | D:4      | Reached skill level 6 in Axes
  3192 | D:4      | Noticed Natasha
  3227 | D:4      | Killed Natasha
  3636 | D:4      | Reached skill level 5 in Fighting
  3827 | D:4      | Noticed Blork the orc
  3845 | D:4      | Killed Blork the orc
  3931 | D:4      | Noticed Natasha
  3949 | D:4      | Killed Natasha
  4182 | D:5      | Entered Level 5 of the Dungeon
  4182 | D:5      | Found a shadowy altar of Dithmenos.
  4192 | D:5      | Reached XP level 8. HP: 47/49 MP: 8/8
  4380 | D:5      | Found a sacrificial altar of Ru.
  4422 | D:5      | Found Rich's Book Emporium.
  4446 | D:5      | Noticed Eustachio
  4469 | D:5      | Killed Eustachio
  4871 | D:5      | Found a shimmering altar of Xom.
  4871 | D:5      | Noticed meatyocre's ghost (novice HOMo)
  4893 | D:5      | Killed meatyocre's ghost
  4893 | D:5      | Reached skill level 7 in Axes
  5029 | D:5      | Found a hide-covered altar of Uskayaw.
  5031 | D:5      | Found a stormy altar of Qazlal.
  5153 | D:5      | Reached *** piety under Trog
  5325 | D:6      | Found an iron altar of Okawaru.
  5433 | D:6      | Reached XP level 9. HP: 50/55 MP: 9/9
  5513 | D:6      | Found a sand-covered staircase.
  5525 | Ossuary  | Entered an ossuary
  5860 | D:6      | Reached skill level 8 in Axes
  5875 | D:6      | Reached skill level 5 in Dodging
  6790 | D:6      | Found a staircase to the Ecumenical Temple.
  6965 | Temple   | Entered the Ecumenical Temple
  7344 | D:7      | Received a gift from Trog
  7513 | D:7      | Found an iron altar of Okawaru.
  7559 | D:7      | Reached skill level 9 in Axes
  8259 | D:8      | Found a white marble altar of Elyvilon.
  8276 | D:8      | Reached **** piety under Trog
  8305 | D:8      | Reached XP level 10. HP: 42/63 MP: 10/10
  8496 | D:8      | Identified a scroll of acquirement
  8658 | D:8      | Noticed Grum
  8682 | D:8      | Killed Grum
  9227 | D:8      | Noticed a two-headed ogre
  9239 | D:8      | Killed a two-headed ogre
  9239 | D:8      | Reached skill level 10 in Axes
  9708 | D:8      | Noticed Pikel
  9739 | D:8      | Killed Pikel
 10150 | D:9      | HP: 3/96 [troll (6)]
 10643 | D:9      | Found a shattered altar of Ashenzari.
 10700 | D:9      | Noticed a two-headed ogre
 10706 | D:9      | Killed a two-headed ogre
 10706 | D:9      | Reached skill level 11 in Axes
 10706 | D:9      | Reached XP level 11. HP: 69/69 MP: 11/11
 10795 | D:9      | Found a staircase to the Lair.
 10825 | D:9      | Noticed Prince Ribbit
 10833 | D:9      | Noticed Joseph
 10836 | D:9      | Killed Prince Ribbit
 10891 | D:9      | Reached ***** piety under Trog
 10898 | D:9      | Killed Joseph
 11234 | D:9      | Noticed Gastronok
 11242 | D:9      | Found a deep blue altar of Sif Muna.
 11252 | D:9      | Slain by Gastronok

Skill      XL: |  1  2  3  4  5  6  7  8  9 10 |
---------------+-------------------------------+-----
Axes           | 3 5 6 7 9 11 | 11.4
Dodging        | 2 3 4 6 7 |  7.5
Fighting       | 4 5 6 7 8 |  8.7
Stealth        | 1 2 3 4 |  4.9
Armour         | |  2.5
Unarmed Combat | |  0.1

Action                   |  1- 3 |  4- 6 |  7- 9 | 10-12 || total
-------------------------+-------+-------+-------+-------++-------
Melee: Hand axe          |    99 |   116 |   539 |   239 ||   993
       Battleaxe         |       |       |       |    85 ||    85
       Unarmed           |       |       |       |     4 ||     4
Invok: Berserk           |     1 |     1 |    10 |     9 ||    21
       Burn Spellbooks   |       |     1 |       |       ||     1
  Use: Scroll            |       |       |    16 |     8 ||    24
 Stab: Sleeping          |       |       |     2 |     5 ||     7
       Confused          |       |       |       |     1 ||     1
  Eat: Ration            |     1 |       |     4 |     1 ||     6
       Chunk             |       |     5 |    12 |    15 ||    32
Armor: Animal skin       |    35 |    42 |    22 |       ||    99
       Robe              |       |       |   146 |    91 ||   237
       Skin              |       |       |       |     2 ||     2
Dodge: Dodged            |    48 |    71 |   309 |   194 ||   622
Block: Other             |     8 |    23 |    86 |    63 ||   180
       Reflection        |       |       |     1 |     1 ||     2
